 Dungeon Crawl Stone Soup version 0.28-a0-987-g8383568036 (webtiles) character file.

Game seed: 6290250910778163418

140 Froggeryz the Cudgeller (level 5, -6/32 HPs)
             Began as a Gargoyle Cinder Acolyte on Dec 4, 2021.
             Was a High Priest of Ignis.
             Killed by divine providence
             ... invoked by an orc priest
              (11 damage)
             ... on level 3 of the Dungeon.
             The game lasted 00:02:36 (3391 turns).

Froggeryz the Cudgeller (Gargoyle Cinder Acolyte)   Turns: 3391, Time: 00:02:36

Health: -6/32      AC: 18    Str: 19    XL:     5   Next: 23%
Magic:  6/6        EV:  9    Int: 15    God:    Ignis [*****.]
Gold:   93         SH:  0    Dex:  5    Spells: 6/6 levels left

rFire   + . .      SeeInvis +   c - +1 flail (protect)
rCold   . . .      Faith    .   (no shield)
rNeg    + . .      Spirit   .   g - +1 scale mail
rPois   ∞          Reflect  .   (no helmet)
rElec   +          Harm     .   (no cloak)
rCorr   .          Rampage  .   (no gloves)
Will    .....                   (no boots)
Stlth   ..........              (no amulet)
HPRegen 0.10/turn               e - ring of see invisible
MPRegen 0.10/turn               (no ring)

@: under a protective aura
A: sickness immunity, AC +4, negative energy resistance 1, electricity
resistance, torment resistance 1, petrification resistance
a: Renounce Religion, Fiery Armour, Foxfire Swarm, Rising Flame


You were on level 3 of the Dungeon.
You worshipped Ignis.
Ignis was extremely pleased with you.
You visited 1 branch of the dungeon, and saw 3 of its levels.

You collected 93 gold pieces.

Inventory:

Hand Weapons
 c - a +1 flail of protection (weapon)
Missiles
 b - 16 poisoned darts
 f - 5 boomerangs (quivered)
Armour
 g - a +1 scale mail (worn)
Jewellery
 e - a ring of see invisible (left hand)
Potions
 d - a potion of heal wounds


   Skills:
 - Level 3.2 Fighting
 * Level 4.8 Maces & Flails
 + Level 1.3 Throwing
 + Level 2.5 Armour
 - Level 1.0 Spellcasting
 - Level 3.0 Fire Magic


You had 6 spell levels left.
You didn't know any spells.
Your spell library contained the following spells:

 Spells                   Type           Power      Damage    Failure   Level
 Scorch                   Fire           18%        2d5       32%         2
 Summon Small Mammal      Summ           0%         N/A       58%         1
 Call Canine Familiar     Summ           0%         N/A       91%         3
 Summon Guardian Golem    Hex/Summ       0%         N/A       91%         3
 Summon Forest            Summ/Tloc      0%         N/A       100%        5
 Summon Mana Viper        Hex/Summ       0%         N/A       100%        5
 Summon Cactus Giant      Summ           0%         N/A       100%        6


Dungeon Overview and Level Annotations

Branches:
Dungeon (3/15)

Altars:

Shops:
D:2 *


Innate Abilities, Weirdness & Mutations

You are immune to sickness and miasma.
Your stone body is resilient. (AC +4)
You are immune to poison.
You resist negative energy. (rN+)
You are resistant to electric shocks. (rElec)
You are resistant to unholy torment.
You are immune to petrification.


Message History

The orc is heavily wounded.
The orc closely misses you.
The orc priest looks braver for a moment.
You barely miss the orc.
The orc is heavily wounded.
The orc barely misses you.
You sock the orc!
You kill the orc!
You barely miss the orc priest.
The orc priest hits you but does no damage.
You barely miss the orc priest. The orc priest hits you with a +0 mace.
You barely miss the orc priest. The orc priest hits you with a +0 mace.
The orc priest calls down the wrath of Beogh upon you.
Beogh smites you!
You are too injured to fight recklessly!
You are too injured to fight recklessly!
You are too injured to fight recklessly!
You are too injured to fight recklessly!
You are too injured to fight recklessly!
You are too injured to fight recklessly!
You are too injured to fight recklessly!
You are too injured to fight recklessly!
You are too injured to fight recklessly!
You are too injured to fight recklessly!
You are too injured to fight recklessly!
You are too injured to fight recklessly!
You are too injured to fight recklessly!
You closely miss the orc priest. The orc priest hits you with a +0 mace.
You closely miss the orc priest.
The orc priest calls down the wrath of Beogh upon you.
Pain shoots through your body!
* * * LOW HITPOINT WARNING * * *
You barely miss the orc priest. The orc priest closely misses you.
You barely miss the orc priest. The orc priest closely misses you.
You sock the orc priest!
Your weapon exudes an aura of protection.
The orc priest is heavily wounded.
The orc priest calls down the wrath of Beogh upon you.
Beogh smites you!
You die...

.... ...# ...# #.## ..#
####### ......#
#####.##############..#
................@o....#
<###...##.###.#########
.....#....# #.#
#.##..†##.###.#
#.###.###.....#
............#.#
#.###.#######.# ......#
#.# #.##### #.#


You could see an orc priest.

Vanquished Creatures
  7 gnolls
  2 worms
  A dart slug (D:2)
  6 orcs
  2 endoplasms (D:1)
  4 giant cockroaches
  9 goblins
  6 hobgoblins
  A jackal (D:1)
  2 quokkas (D:1)
  5 bats
  6 frilled lizards
  4 kobolds
  5 rats
60 creatures vanquished.

Vanquished Creatures (others)
  18 plants (D:3)
  7 withered plants (D:3)
25 creatures vanquished.

Grand Total: 85 creatures vanquished

Notes
Turn   | Place    | Note
-------+----------+-------------------------------------------
     0 | D:1      | Froggeryz the Gargoyle Cinder Acolyte began the quest for
                  | the Orb.
     0 | D:1      | Reached XP level 1. HP: 14/14 MP: 2/2
   315 | D:1      | Reached XP level 2. HP: 16/19 MP: 3/3
   318 | D:1      | Reached skill level 1 in Armour
   842 | D:1      | Reached XP level 3. HP: 19/23 MP: 4/4
  1600 | D:2      | Reached skill level 4 in Maces & Flails
  2224 | D:2      | Found Yppunlaw's Assorted Antiques.
  2507 | D:3      | Reached XP level 4. HP: 19/28 MP: 5/5
  3135 | D:3      | Reached skill level 1 in Throwing
  3255 | D:3      | Found a faded altar of an unknown god.
  3290 | D:3      | Reached XP level 5. HP: 31/32 MP: 6/6
  3391 | D:3      | Killed from afar by an orc priest

Illustrated notes

Levels and vault maps discovered:
D:1:      lemuel_arrival_rhombus, layout_rooms, minmay_pentomino_v4
D:2:      layout_basic, serial_shops, nicolae_lakefront_shop
D:3:      layout_loops_ring, nicolae_tso_besieged_by_evil,
          ebering_ecumenical_altar_petrified, amcnicky_mini_corridor_feature,
          nicolae_grassy_gnolls, uniq_grinder, uniq_ijyb, uniq_robin,
          uniq_sigmund

Skill      XL: |  1  2  3  4 |
---------------+-------------+-----
Armour         | 1 2 |  2.5
Maces & Flails | 4 |  4.8
Throwing       | 1 |  1.3
Fighting       | |  3.2
Spellcasting   | |  1.0
Fire Magic     | |  3.0

Action                   |  1- 3 |  4- 6 || total
-------------------------+-------+-------++-------
Melee: Mace              |   126 |    24 ||   150
       Flail             |       |    46 ||    46
Throw: Boomerang         |       |     4 ||     4
  Use: Scroll            |     2 |       ||     2
Armor: Robe              |    34 |       ||    34
       Scale mail        |    27 |    34 ||    61
Dodge: Dodged            |    62 |    32 ||    94

Table legend: (Time is in decaauts)
 A = Elapsed time spent in this place.
 B = Non-inter-level travel time spent in this place.
 C = Inter-level travel time spent in this place.
 D = Time resting spent in this place.
 E = Time spent auto-exploring this place.
 F = Levels seen in this place.
 G = Mean time per level.
                   A        B        C        D        E       F      G
               +--------+--------+--------+--------+--------+-----+--------+
         Total |   3434 |   3258 |    176 |    806 |   1952 |   3 | 1144.7 |
       Dungeon |   3434 |   3258 |    176 |    806 |   1952 |   3 | 1144.7 |
               +--------+--------+--------+--------+--------+-----+--------+

Top non-repeatable levels by time:
     D:1: 1607 daAuts
     D:2: 1425 daAuts
     D:3: 401 daAuts
